 Dungeon Crawl Stone Soup version 0.28.0-45-g0d030f2227 (webtiles) character file.

Game seed: 6787287008186451658

144 MisterFreud the Cudgeller (level 5, -10/49 HPs)
             Began as a Naga Fighter on Apr 13, 2022.
             Mangled by an ogre
             ... wielding a +0 giant spiked club
              (30 damage)
             ... on level 4 of the Dungeon.
             The game lasted 00:01:48 (2770 turns).

MisterFreud the Cudgeller (Naga Fighter)            Turns: 2770, Time: 00:01:48

Health: -10/49     AC:  6    Str: 21    XL:     5   Next: 26%
Magic:  5/5        EV:  7    Int:  8    God:
Gold:   112        SH:  4    Dex: 10    Spells: 4/4 levels left

rFire   . . .      SeeInvis +   a - +0 flail
rCold   . . .      Faith    .   c - +0 buckler
rNeg    . . .      Spirit   .   b - +0 scale mail
rPois   +          Reflect  .   (no helmet)
rElec   .          Harm     .   (no cloak)
rCorr   .          Rampage  .   m - +0 pair of gloves
Will    .....                   (no barding)
Stlth   ..........              (no amulet)
HPRegen 0.16/turn               (no ring)
MPRegen 0.09/turn               (no ring)

@: very slow
A: AC +1, large, see invisible, deformed body, poison resistance, slowness 2,
spit poison 1, naga tail 1
a: Spit Poison


You were on level 4 of the Dungeon.
You visited 1 branch of the dungeon, and saw 4 of its levels.

You collected 112 gold pieces.

Inventory:

Hand Weapons
 a - a +0 flail (weapon)
Armour
 b - a +0 scale mail (worn)
 c - a +0 buckler (worn)
 m - a +0 pair of gloves (worn)
Jewellery
 k - a ring of ice
Scrolls
 f - 3 scrolls of identify {unknown}
 h - 2 scrolls of enchant armour {unknown}
 l - a scroll of magic mapping {unknown}
 o - a scroll of enchant weapon {unknown}
 p - a scroll of fear {unknown}
Potions
 d - 2 potions of might
 e - a potion of heal wounds {unknown}
 g - a potion of lignification {unknown}
 i - a potion of haste {unknown}
 j - 2 potions of ambrosia {unknown}
 n - a potion of cancellation {unknown}


   Skills:
 - Level 3.0 Fighting
 + Level 5.2 Maces & Flails
 - Level 2.4 Armour
 - Level 2.4 Shields


You had 4 spell levels left.
You didn't know any spells.
Your spell library was empty.

Dungeon Overview and Level Annotations

Branches:
Dungeon (4/15)
 Temple: D:4-7

Altars:


Innate Abilities, Weirdness & Mutations

Your serpentine skin is tough. (AC +1)
You have supernaturally acute eyesight. (SInv)
Armour fits poorly on your strangely shaped body.
Your system is resistant to poisons. (rPois)
You cover ground very slowly.
You can spit poison.
You have a snake-like lower body.


Message History

The ball python is poisoned.
You kill the ball python!
Found an escape hatch in the ceiling.
You have got your breath back.
Found an escape hatch in the floor.
Found a stone staircase leading down.
Found a stone staircase leading down.
Found a club.
You now have 112 gold pieces (gained 13).
Found an escape hatch in the ceiling.
p - a scroll labelled YNKELIOLUUC A ball python comes into view.
The ball python hisses angrily.
A ball python is nearby!
The splash of poison hits the ball python!
You kill the ball python!
Found 19 arrows.
You have got your breath back.
An ogre comes into view. It is wielding a +0 giant spiked club.
The ogre shouts!
An ogre is nearby!
The splash of poison hits the ogre but does no damage.
An ogre is nearby!
An ogre is nearby!
An ogre is nearby!
You have got your breath back.
You sock the ogre!
The ogre is moderately wounded.
The ogre hits you with a +0 giant spiked club!
You hit the ogre.
The ogre is heavily wounded.
You block the ogre's attack.
You hit the ogre but do no damage.
The ogre is heavily wounded.
The ogre hits you with a +0 giant spiked club!!
You hit the ogre.
The ogre is severely wounded.
The ogre hits you with a +0 giant spiked club!!
Ouch! That really hurt!
You die...

##................
#..#............<
#####............
#............
##...........
#...........
##..........
#..........
##.@O......
##........
##..(.... .......
#...... ###..# ###


You could see an ogre.

Vanquished Creatures
  A scorpion (D:3)
  5 adders
  2 dart slugs (D:2)
  An orc (D:3)
  5 ball pythons
  5 endoplasms
  4 giant cockroaches
  3 goblins
  2 hobgoblins
  2 quokkas
  A bat (D:1)
  4 rats
35 creatures vanquished.

Notes
Turn   | Place    | Note
-------+----------+-------------------------------------------
     0 | D:1      | MisterFreud the Naga Fighter began the quest for the Orb.
     0 | D:1      | Reached XP level 1. HP: 21/21 MP: 1/1
   781 | D:1      | Reached XP level 2. HP: 23/28 MP: 2/2
  1206 | D:2      | Reached skill level 3 in Maces & Flails
  1274 | D:2      | Reached XP level 3. HP: 34/34 MP: 3/3
  1946 | D:3      | Reached skill level 4 in Maces & Flails
  2294 | D:3      | Reached XP level 4. HP: 40/42 MP: 4/4
  2425 | D:3      | Found a faded altar of an unknown god.
  2429 | D:3      | Noticed a scorpion
  2435 | D:3      | Killed a scorpion
  2436 | D:3      | Reached skill level 5 in Maces & Flails
  2436 | D:3      | Reached XP level 5. HP: 47/49 MP: 5/5
  2761 | D:4      | Noticed an ogre
  2770 | D:4      | Mangled by an ogre

Illustrated notes

Levels and vault maps discovered:
D:1:      ncdulo_lavacross, layout_basic
D:2:      layout_basic
D:3:      layout_loops_ring, nicolae_ecumenical_oubliette
D:4:      layout_cave_pods, grunt_ministairs_8, minmay_misc_feat_square,
          nicolae_elevator_lobby_plus

Skill      XL: |  1  2  3  4 |
---------------+-------------+-----
Maces & Flails | 3 4 5 |  5.2
Fighting       | |  3.0
Armour         | |  2.4
Shields        | |  2.4

Action                   |  1- 3 |  4- 6 || total
-------------------------+-------+-------++-------
Melee: Flail             |    46 |    11 ||    57
 Abil: Spit Poison       |    14 |    10 ||    24
Armor: Scale mail        |    16 |     2 ||    18
Dodge: Dodged            |    10 |       ||    10
Block: Buckler           |     8 |     1 ||     9
